[Event "Late-Titled-Tuesday-Blitz-January-23-2024"]
[Site "Chess.com"]
[Date "2024.01.23"]
[Round "10"]
[White "smotherhubbard"]
[Black "Jem"]
[Result "1-0"]
[WhiteElo "2342"]
[BlackElo "2168"]
[TimeControl "180+1"]
[EndTime "15:53:20 PST"]
[Termination "smotherhubbard won by checkmate"]

1. d4 Nf6 2. c4 g6 3. f3 Bg7 4. e4 O-O 5. Be3 d6 6. Nc3 a6 7. Bd3 Nbd7 8. Nge2 c5 9. O-O cxd4 10. Nxd4 Nc5 11. Be2 Bd7 12. b4 Ne6 13. Nxe6 Bxe6 14. Qb3 b5 15. Nd5 bxc4 16. Bxc4 Bxd5 17. exd5 a5 18. a3 Nd7 19. Rab1 axb4 20. axb4 Ne5 21. Be2 Qb8 22. Rfc1 Rc8 23. Rxc8+ Qxc8 24. b5 Nd7 25. b6 Qb7 26. Bb5 Nb8 27. Rc1 Ra1 28. Rxa1 Bxa1 29. Qa4 Qxd5 30. Qa7 Qxb5 31. Qxb8+ Kg7 32. Qc7 Qe2 33.
Qc1 Bb2 34. Qd2 Qb5 35. h3 Bf6 36. Kh2 d5 37. Bd4 e5 38. Bf2 d4 39. f4 e4 40.
Bxd4 Bxd4 41. Qxd4+ f6 42. Qd7+ Kh6 43. b7 e3 44. b8=Q Qxb8 45. Qg4 Kg7 46. h4 f5 47. Qg5 h6 48. Qe7+ Kg8 49. Qxe3 Qd6 50. Qe8+ Kg7 51.
g3 Kf6 52. h5 g5 53. Qg6+ Ke7 54. Qxd6+ Kxd6 55. fxg5 hxg5 56. h6 Ke7 57. h7 Kf7 58.
h8=Q f4 59. gxf4 gxf4 60. Qe5 Kg6 61. Qxf4 Kg7 62. Kg3 Kh8 63. Kg4 Kh7 64. Kg5 Kh8 65.
Qc7 Kg8 66. Kf6 Kf8 67. Qf7# 1-0

[Event "Late-Titled-Tuesday-Blitz-January-23-2024"]
[Site "Chess.com"]
[Date "2024.01.23"]
[Round "10"]
[White "SpeedofLight0"]
[Black "LyonBeast"]
[Result "1/2-1/2"]
[WhiteElo "2982"]
[BlackElo "3162"]
[TimeControl "180+1"]
[EndTime "15:53:21 PST"]
[Termination "Game drawn - insufficient material"]

1. d4 Nf6 2. c4 g6 3. Nc3 d5 4. cxd5 Nxd5 5. Bd2 Nb6 6. Nf3 Bg7 7. e3 O-O 8. Be2 N8d7 9. O-O c5 10. d5 c4 11. e4 Nc5 12. Qc2 Bg4 13. Rfe1 Rc8 14.
Rad1 Nd3 15. Bxd3 cxd3 16. Qxd3 Nc4 17. Bc1 Qb6 18. Na4 Qa5 19. b3 Ne5 20. Qe3 Bxf3 21.
gxf3 Rc2 22. Re2 Rfc8 23. Rxc2 Rxc2 24. h3 g5 25. Bb2 h6 26. Bd4 Qc7 27. Nc3 Ng6 28.
Bxg7 Kxg7 29. Nb5 Qd7 30. Nd4 Rxa2 31. Nf5+ Kh7 32. Qc3 f6 33. d6 Nf4 34. Qc7 Qxc7 35.
dxc7 Rc2 36. Rd7 Nxh3+ 37. Kf1 Nf4 38. Ke1 Ng6 39. Kd1 Rc6 40. Nxe7 Nxe7 41. Rxe7+ Kg6 42. Ke2 a5 43. Kf1 Rc3 44. c8=Q Rxc8 45. Rxb7 Rc1+ 46. Kg2 Rc6 47. Rb5 Ra6 48. f4 a4 49. bxa4 Rxa4 50. fxg5 hxg5 51. e5 Rg4+ 52. Kf1 f5 53. Rb6+ Kh5 54. Rf6 Rf4 55. e6 Kg4 56. e7 Re4 57. f3+ Kxf3 58. Rxf5+ Kg4 59. Rf7 Kg3 60. Rf5 g4 61. Rf7 Re5 62. Rg7 Rf5+ 63. Ke2 Re5+ 64. Kd3 Re1 65. Kd4 Kf4 66. Kd5 g3 67. Kd6 Kf3 68. Kd7 g2 69. Rxg2 Rxe7+ 70. Kxe7 Kxg2 1/2-1/2

[Event "Late-Titled-Tuesday-Blitz-January-23-2024"]
[Site "Chess.com"]
[Date "2024.01.23"]
[Round "10"]
[White "Jospem"]
[Black "ChristopherYoo"]
[Result "1-0"]
[WhiteElo "3097"]
[BlackElo "2982"]
[TimeControl "180+1"]
[EndTime "15:53:21 PST"]
[Termination "Jospem won by checkmate"]

1. e4 c5 2. Nf3 d6 3. c3 Nf6 4. h3 g6 5. Bd3 Bg7 6. Bc2 e5 7. O-O O-O 8. d3 Nc6 9. Bg5 h6 10. Bxf6 Bxf6 11. Bb3 Bg7 12. Nbd2 Kh8 13. a3 f5 14. Bc4 g5 15. Nh2 Ne7 16. Re1 Ng6 17. g3 f4 18. g4 f3 19. Re3 Nh4 20. Ndxf3 Ng6 21. Nd2 Bd7 22. Ndf1 Nf4 23. a4 a6 24. a5 Bc6 25. Bb3 d5 26. Ba4 d4 27. Rf3 dxc3 28.
bxc3 Bb5 29. c4 Bxa4 30. Rxa4 b5 31. axb6 Qxb6 32. Ra1 a5 33. Ne3 a4 34. Nd5 Qb3 35. Re3 Qxd1+ 36. Rxd1 a3 37. Ra1 Rfb8 38. Nc3 Rb3 39.
Na2 Rxd3 40. Nf3 Ra4 41. Ne1 Rxe3 42. fxe3 Ne2+ 43. Kf2 Nd4 44. exd4 exd4 45. Nd3 Rxc4 46. Nac1 Rc3 47. Ke2 c4 48. Kd2 cxd3 49. Nxd3 Bf8 50.
Rb1 a2 51. Ra1 Ra3 52. Nc1 Bb4+ 53. Kd1 Kg7 54. Rxa2 Rxa2 55. Nxa2 Bc5 56. Nc1 Kf6 57. Nd3 Bd6 58. Kc2 Ke6 59. Kb3 Bc7 60. Kb4 Bd6+ 61. Kc4 Be5 62. Nxe5 Kxe5 63. Kd3 Kf4 64. Kxd4 Kg3 65.
e5 Kxh3 66. e6 Kxg4 67. e7 Kh3 68. e8=Q g4 69. Ke3 g3 70. Kf3 g2 71. Qh5# 1-0

[Event "Late-Titled-Tuesday-Blitz-January-23-2024"]
[Site "Chess.com"]
[Date "2024.01.23"]
[Round "10"]
[White "Mops_2004"]
[Black "Sebastian"]
[Result "1-0"]
[WhiteElo "2880"]
[BlackElo "2987"]
[TimeControl "180+1"]
[EndTime "15:53:23 PST"]
[Termination "Mops_2004 won on time"]

1. Nf3 c5 2. g3 g6 3. c4 Bg7 4.
Nc3 Nc6 5. Bg2 d6 6. a3 e6 7.
b4 Nge7 8. Qb3 b6 9. Bb2 Bb7 10. O-O O-O 11. Rab1 Rb8 12. e3 Qd7 13. Ne2 e5 14. d4 exd4 15. exd4 cxb4 16. d5 Na5 17.
Qxb4 Bxb2 18. Rxb2 Rbc8 19. Nd2 Qd8 20. Bh3 Rc5 21. Nc3 f5 22. Ne2 Ba6 23. Nf4 Nxc4 24. Ne6 Qc8 25. Nxc4 Bxc4 26. Qc3 Rf7 27. Nxc5 Bxf1 28.
Bxf1 Qxc5 29. Qxc5 bxc5 30. Bc4 Kg7 31. Rb8 Ng8 32.
Rd8 Rf6 33. Rd7+ Kf8 34. Rxa7 Ne7 35. a4 Ke8 36. Bb5+ Kf7 37. a5 f4 38. a6 fxg3 39.
hxg3 Rf3 40. Rc7 Ra3 41. a7 Kf6 42. Bc6 Nxc6 43. dxc6 c4 44. Rd7 Ke6 45. Rb7 c3 46.
c7 Kd7 47. c8=Q+ Kxc8 48. Rb8+ Kc7 49. a8=Q Rxa8 50. Rxa8 d5 51. Kf1 c2 52. Ra1 d4 53.
Ke2 Kd6 54. Kd2 Ke5 55. Kxc2 Ke4 56. Ra3 g5 57. Kd2 g4 58. Ke2 h5 59. Rb3 Kd5 60.
Kd3 Ke5 61. Rb4 Kf5 62. Rxd4 1-0

[Event "Late-Titled-Tuesday-Blitz-January-23-2024"]
[Site "Chess.com"]
[Date "2024.01.23"]
[Round "10"]
[White "Grischuk"]
[Black "Njal28"]
[Result "1/2-1/2"]
[WhiteElo "3090"]
[BlackElo "3080"]
[TimeControl "180+1"]
[EndTime "15:53:26 PST"]
[Termination "Game drawn by repetition"]

1. d4 Nf6 2. Nf3 d5 3. Bf4 c5 4. e3 Nc6 5. Nbd2 Bg4 6. c3 e6 7. Qb3 Qc8 8. Nh4 Bh5 9. h3 Be7 10.
g4 Bg6 11. Nxg6 hxg6 12. Be2 Qd7 13. dxc5 Bxc5 14. O-O-O Bd6 15. Bxd6 Qxd6 16. Kb1 O-O-O 17. h4 Kb8 18. a3 Qc7 19. Qc2 Rc8 20. Rc1 Qe7 21.
Qd3 Nd7 22. h5 gxh5 23. gxh5 Nde5 24. Qb5 a6 25. Qa4 Qf6 26. Qf4 Qxf4 27. exf4 Nd7 28.
Rcg1 Rcg8 29. Rg5 Nf6 30. Rhg1 Rh7 31. Kc2 Ne7 32. Bd3 Rxh5 33. Rxg7 Rf8 34. Nf3 Nc6 35. R1g5 Rh6 36. Ne5 Nxe5 37. fxe5 Nd7 38. f4 Nc5 39. b4 Rh2+ 40. Rg2 Rxg2+ 41. Rxg2 Nxd3 42. Kxd3 Kc7 43. c4 dxc4+ 44. Kxc4 Kd7 45. Rd2+ Kc6 46. Rd6+ Kc7 47. f5 Re8 48. fxe6 fxe6 49. a4 Re7 50. a5 Re8 51. b5 axb5+ 52. Kxb5 Re7 53. Kc5 Re8 54.
a6 bxa6 55. Rxa6 Rb8 56. Ra7+ Kd8 57. Kc6 Ke8 58. Rh7 Rb1 59. Rh6 Ke7 60. Rh7+ Ke8 61. Rh6 Ke7 62. Rh7+ Ke8 1/2-1/2

[Event "Late-Titled-Tuesday-Blitz-January-23-2024"]
[Site "Chess.com"]
[Date "2024.01.23"]
[Round "10"]
[White "krzyzan94"]
[Black "dosto07"]
[Result "1-0"]
[WhiteElo "2766"]
[BlackElo "2536"]
[TimeControl "180+1"]
[EndTime "15:53:29 PST"]
[Termination "krzyzan94 won on time"]

1. Nf3 d5 2. c4 d4 3. b4 c5 4. e3 dxe3 5. fxe3 cxb4 6. d4 Nf6 7. Bd3 g6 8. O-O Bg7 9. Bb2 O-O 10. e4 Bg4 11. e5 Nfd7 12. h3 Bxf3 13. Qxf3 Nc6 14. Be4 Rc8 15. Kh1 e6 16. Bxc6 Rxc6 17. Qe2 Nb6 18. Nd2 Na4 19. Ne4 Nxb2 20. Qxb2 Rxc4 21. Nd6 Rc7 22. Qxb4 Qd7 23. Rf3 Bh6 24. Raf1 Rc1 25. Rxc1 Bxc1 26. Ne4 Kg7 27. Nf6 Qc6 28. Qe7 Bh6 29. Kh2 Qc1 30. Rg3 Qf4 31. Nh5+ Kg8 32. Nxf4 Bxf4 33. h4 h5 34. Kh3 Bxg3 35. Kxg3 Rc8 36.
Qxb7 Rc3+ 37. Kf4 Ra3 38. Kg5 Kg7 39. Kf4 Ra4 40. Ke3 Rxa2 41. Qb3 Ra6 42. d5 Rb6 43. Qa2 exd5 44. Qxd5 Re6 45. Kf4 a6 46. Qa5 Kg8 47. Qd8+ Kg7 48. Ke4 Kh7 49. Kd5 Kg7 50. Qd7 Kg8 51.
Qc8+ Kg7 52. Qc4 Kg8 53. g4 hxg4 54. Qxg4 Re8 55. h5 Kg7 56. hxg6 Rd8+ 57. Ke4 fxg6 58. Qe6 Rf8 59. Qd6 Rf1 60. e6 Re1+ 61. Kf3 Rf1+ 62. Kg2 Rf6 63. Qe7+ Kh6 64. Qxf6 a5 65. e7 1-0

[Event "Late-Titled-Tuesday-Blitz-January-23-2024"]
[Site "Chess.com"]
[Date "2024.01.23"]
[Round "10"]
[White "Rawnsdale"]
[Black "rychessmaster1"]
[Result "1-0"]
[WhiteElo "2545"]
[BlackElo "2706"]
[TimeControl "180+1"]
[EndTime "15:53:31 PST"]
[Termination "Rawnsdale won by checkmate"]

1. e4 e5 2. Nf3 Nc6 3. Bb5 a6 4.
Ba4 Nf6 5. O-O b5 6. Bb3 Bb7 7. Re1 Bc5 8. c3 d6 9. d4 Bb6 10. a4 h6 11. Bd5 Nxd5 12. exd5 Ne7 13. dxe5 O-O 14. exd6 Qxd6 15. a5 Ba7 16. Nbd2 Bxd5 17. Ne4 Qg6 18. Nh4 Qc6 19. Ng3 Rae8 20. Be3 Bxe3 21. Rxe3 Ng6 22. Rxe8 Rxe8 23. Nhf5 Bxg2 24.
Qd4 Ne5 25. Nh4 Bh3 26. Re1 f6 27. Ne4 Qe6 28. f3 Nxf3+ 29. Nxf3 Qg4+ 30. Kf2 Qg2+ 31. Ke3 f5 32. Qd5+ Kh8 33. Re2 Rxe4+ 34. Qxe4 fxe4 35. Rxg2 Bxg2 36. Nd4 Kg8 37. Ne6 c6 38. Nc5 Kf7 39. Nxa6 Ke7 40. Nc5 Kd6 41. b4 Kc7 42. Nxe4 g5 43.
Nf6 Bh3 44. Ng8 h5 45. Nf6 h4 46. Ne4 g4 47. Kf4 Bg2 48. Nf2 g3 49. hxg3 h3 50. g4 h2 51. g5 h1=Q 52. Nxh1 Bxh1 53. g6 Bd5 54. g7 Kd6 55. Ke3 c5 56. Kf4 cxb4 57.
cxb4 Ke7 58. Ke5 Ba8 59. Kd4 Kf7 60. Kc5 Kxg7 61. Kxb5 Kf7 62. Kb6 Ke7 63. a6 Kd7 64. b5 Kc8 65. Ka7 Be4 66. b6 Kd7 67. b7 Ke6 68. b8=Q Kf5 69. Qb6 Bf3 70. Kb8 Bh5 71. a7 Bg6 72. a8=Q Kg5 73. Qaa5+ Kh6 74. Qe3+ Kh7 75. Qc7+ Bf7 76. Qxf7+ Kh8 77. Qh6# 1-0

[Event "Late-Titled-Tuesday-Blitz-January-23-2024"]
[Site "Chess.com"]
[Date "2024.01.23"]
[Round "10"]
[White "KorolDimitriy75"]
[Black "Chessdreamer2020"]
[Result "0-1"]
[WhiteElo "2352"]
[BlackElo "2531"]
[TimeControl "180+1"]
[EndTime "15:53:34 PST"]
[Termination "Chessdreamer2020 won on time"]

1. d4 d6 2. c4 e5 3. Nc3 exd4 4.
Qxd4 Nc6 5. Qd2 Nf6 6. Nf3 a5 7. e3 a4 8. Be2 Be6 9. Nd5 Be7 10. O-O O-O 11. Rd1 Bxd5 12. cxd5 Ne5 13. Nxe5 dxe5 14. Qc2 Bd6 15. e4 Nd7 16. Be3 b6 17. Rac1 Nc5 18. Bb5 Ra5 19. Bc6 Qh4 20. f3 f5 21. b4 axb3 22.
axb3 Ra3 23. Bf2 Qg5 24. Rb1 fxe4 25. fxe4 Qf4 26. Re1 Nxb3 27. Bg3 Nd4 28. Qc1 Qg4 29. Qd1 Rxg3 30. hxg3 Qxg3 31. Rf1 Qe3+ 32. Kh2 Qh6+ 33.
Kg1 Qe3+ 34. Kh2 Qh6+ 35. Kg1 Bc5 36. Rxf8+ Kxf8 37. g3 Nf5+ 38. Kg2 Ne3+ 39. Kf3 Nxd1 40. Rxd1 Qe3+ 41. Kg2 Qe2+ 42. Kh3 Qxd1 43. d6 Qe2 44.
dxc7 Qh5+ 45. Kg2 Qe2+ 46. Kh3 Qh5+ 47. Kg2 Qg4 48. Bb7 Qe2+ 49. Kh3 Qf1+ 50. Kg4 Qd1+ 51. Kh4 Be7+ 52. Kh3 Qd7+ 53. Kg2 Qxc7 54. Bd5 b5 55. Kf3 b4 56. Kg4 Qc3 57. Kf5 b3 58. Ke6 b2 59. g4 b1=Q 60. g5 Qb6+ 61. Kf5 Qf3+ 0-1

[Event "Late-Titled-Tuesday-Blitz-January-23-2024"]
[Site "Chess.com"]
[Date "2024.01.23"]
[Round "10"]
[White "Jarrahi2452"]
[Black "BardArtem"]
[Result "0-1"]
[WhiteElo "2663"]
[BlackElo "2802"]
[TimeControl "180+1"]
[EndTime "15:53:38 PST"]
[Termination "BardArtem won by checkmate"]

1. d4 Nf6 2. Bf4 b6 3. e3 Bb7 4.
Nf3 g6 5. h3 Bg7 6. c3 O-O 7.
Nbd2 d6 8. Be2 Nbd7 9. O-O Qe8 10. a4 e5 11. Bh2 Ne4 12. a5 Nxd2 13. Nxd2 Kh8 14.
b4 f5 15. Qb3 f4 16. Nf3 e4 17.
Ng5 f3 18. gxf3 exf3 19. Bd3 Qe7 20. Bf4 Rae8 21. axb6 Nxb6 22. Rxa7 Bd5 23. c4 Bg8 24. Nxf3 Rxf4 25. exf4 Qf7 26. Kg2 Qxf4 27. Rxc7 d5 28.
Rc6 dxc4 29. Bxc4 Nxc4 30. Rxc4 Rf8 31. d5 Qf5 32. Qc2 Qxd5 33. Re4 Be6 34. Rd1 Qf5 35. Ng1 Bd5 36. f3 Bxe4 37. Qxe4 Qg5+ 38. Qg4 Qf6 39. b5 Qb2+ 40. Kh1 Qxb5 41. Rd2 Qe5 42. Qe4 Qf6 43.
Rd7 h6 44. Re7 Kh7 45. Kg2 Qg5+ 46. Kf1 Rf4 47. Qe3 Qf6 48. Kg2 Ra4 49. Ne2 Ra2 50. Qe4 Qg5+ 51. Kf1 Ra1+ 52. Kf2 Qc5+ 53. Kg2 Qg5+ 54.
Kf2 Ra2 55. h4 Qc5+ 56. Kg2 Rb2 57. Kg3 Rb4 58. Qe6 Rb2 59. Nf4 Qg1+ 60. Kh3 Rh2# 0-1

[Event "Late-Titled-Tuesday-Blitz-January-23-2024"]
[Site "Chess.com"]
[Date "2024.01.23"]
[Round "10"]
[White "DefiantChair"]
[Black "ATM622"]
[Result "1/2-1/2"]
[WhiteElo "2590"]
[BlackElo "2484"]
[TimeControl "180+1"]
[EndTime "15:53:39 PST"]
[Termination "Game drawn by repetition"]

1. e4 c6 2. d4 d5 3. e5 c5 4. dxc5 e6 5. a3 Bxc5 6. b4 Bb6 7. Bb2 Ne7 8. Bd3 a5 9. Qg4 Ng6 10. b5 Nd7 11. Nf3 O-O 12. h4 f5 13. Qg3 Bc7 14. h5 f4 15. Qh3 Ngxe5 16. Qxe6+ Kh8 17. h6 Nf6 18. hxg7+ Kxg7 19. Ng5 Nxd3+ 20. cxd3 Bxe6 21.
Nxe6+ Kg8 22. Nxd8 Raxd8 23. Nd2 Rde8+ 24. Kf1 Bb6 25. Rh4 Bc7 26. Rc1 Bd6 27. Nb3 a4 28. Na5 Re7 29.
Re1 Rxe1+ 30. Kxe1 Re8+ 31. Kd1 Be5 32. Bxe5 Rxe5 33.
Nxb7 Re7 34. Nd6 Rd7 35. Nf5 Rb7 36. Nd4 Rb6 37. Rxf4 Kf7 38. g4 Kg6 39. f3 Nd7 40.
Rf5 Nc5 41. Kd2 Rd6 42. Re5 Kf6 43. f4 h6 44. g5+ hxg5 45. Rf5+ Kg6 46. Rxg5+ Kf6 47.
Rh5 Kg6 48. Re5 Kf6 49. Kc3 Nd7 50. Rh5 Kg6 51. Rg5+ Kf6 52. Kb4 Nf8 53. Rh5 Kg6 54. Re5 Kf6 55. Kc5 Rd8 56. Rxd5 Nd7+ 57. Kc6 Nb8+ 58.
Kc5 Nd7+ 59. Kc6 Nb8+ 60. Kc5 Nd7+ 1/2-1/2

[Event "Late-Titled-Tuesday-Blitz-January-23-2024"]
[Site "Chess.com"]
[Date "2024.01.23"]
[Round "10"]
[White "DavidGavrilescu18"]
[Black "jk13"]
[Result "0-1"]
[WhiteElo "2807"]
[BlackElo "2682"]
[TimeControl "180+1"]
[EndTime "15:53:43 PST"]
[Termination "jk13 won by checkmate"]

1. e4 e5 2. h3 Nf6 3. Nc3 Bc5 4.
Nf3 d6 5. d4 exd4 6. Nxd4 O-O 7. Nb3 Bb4 8. Bd3 Re8 9. O-O Bxc3 10. bxc3 Nxe4 11. Qf3 Nf6 12. Bg5 Nbd7 13. Rae1 Rxe1 14. Rxe1 h6 15. Bh4 Ne5 16. Qg3 Bd7 17. Nd4 Kh8 18. Bf5 Bxf5 19. Nxf5 Ng6 20. Re7 Nh5 21. Qg4 Nxe7 22. Bxe7 Qd7 23. Qxh5 Qe6 24. Bh4 Re8 25. Qg4 Qg6 26. Qf3 Re5 27. Ne3 Qe6 28.
Qxb7 Re4 29. Bg3 f5 30. Nf1 f4 31. Bh2 Re1 32. Qb5 g5 33. h4 Qe2 34. Qxe2 Rxe2 35.
hxg5 hxg5 36. g3 fxg3 37. Nxg3 Rxc2 38. Ne4 g4 39. Bf4 Rxa2 40. Nf6 a5 41. Be3 a4 42.
Nxg4 a3 43. c4 Kg8 44. Nf6+ Kf7 45. Nd5 Rc2 46. Nb4 Rxc4 47. Na2 Rc2 48. Nb4 Rb2 49. Nd3 Rb1+ 50. Kg2 a2 51. Bd4 a1=Q 52. Bxa1 Rxa1 53. Nb4 c5 54. Nd3 c4 55. Nb4 Rb1 56. Nd5 Rd1 57. Ne3 c3 58. Kf3 c2 59. Nxc2 Ke6 60.
Ne3 Rd4 61. Ke2 Ra4 62. Kf3 d5 63. Ke2 d4 64. Nc2 Kd5 65. Kd2 Kc4 66. Kc1 Kc3 67. Kd1 d3 68. Kc1 dxc2 69. f4 Ra1# 0-1

[Event "Late-Titled-Tuesday-Blitz-January-23-2024"]
[Site "Chess.com"]
[Date "2024.01.23"]
[Round "10"]
[White "TheAlienParty"]
[Black "RantomOpening"]
[Result "0-1"]
[WhiteElo "2383"]
[BlackElo "2554"]
[TimeControl "180+1"]
[EndTime "15:54:15 PST"]
[Termination "RantomOpening won on time"]

1. c4 e6 2. Nf3 d5 3. e3 Nf6 4. b3 c5 5. Bb2 Nc6 6. cxd5 exd5 7.
Be2 Be7 8. O-O O-O 9. d4 Be6 10. Nc3 Rc8 11. Rc1 cxd4 12. Nxd4 Nxd4 13. Qxd4 Qa5 14.
a3 a6 15. b4 Qd8 16. Bf3 Rc4 17. Qd3 d4 18. Ne4 Rxc1 19. Nxf6+ Bxf6 20. Rxc1 dxe3 21. Qxd8 exf2+ 22. Kxf2 Rxd8 23. Bxf6 gxf6 24. Bxb7 Rd3 25. Bxa6 Rxa3 26. Be2 Rb3 27. b5 Rb2 28. Ke3 Bd7 29.
Rc5 Kg7 30. g3 Rb3+ 31. Bd3 Rb2 32. h4 h6 33. Kf4 Rb4+ 34. Ke3 Rb3 35. Kd2 Rb4 36. Kc3 Ra4 37. b6 Ra3+ 38. Kb4 Rxd3 39. b7 Rd1 40. Rc3 Be6 41. Kc5 Rb1 42. Kc6 Bd5+ 43.
Kxd5 Rxb7 44. Ke4 Kg6 45. Kf3 Rb5 46. Re3 h5 47. Rc3 Kf5 48. Rd3 Rc5 49. Re3 Re5 50.
Ra3 Rd5 51. Ra7 Rd3+ 52. Kg2 Kg6 53. Kf2 Rb3 54. Kg2 Rb4 55. Rc7 Rd4 56. Ra7 f5 57.
Rb7 f4 58. gxf4 Rxf4 59. Kg3 Rc4 60. Rb6+ f6 61. Rb5 Rc3+ 62. Kh2 Rf3 63. Kg2 Rf4 64. Kg3 Rg4+ 65. Kh3 Rf4 66. Kg3 Rf5 67. Rb8 Kf7 68. Rb7+ Kg6 69. Rb8 Ra5 70. Rg8+ Kf5 71. Rh8 Ra3+ 72.
Kf2 Kg4 73. Rg8+ Kxh4 74. Rf8 Kg5 75. Rg8+ Kf4 76. Kg2 f5 77. Rd8 Ra2+ 0-1

[Event "Late-Titled-Tuesday-Blitz-January-23-2024"]
[Site "Chess.com"]
[Date "2024.01.23"]
[Round "10"]
[White "GMJustin"]
[Black "gxbg2000"]
[Result "0-1"]
[WhiteElo "2300"]
[BlackElo "2140"]
[TimeControl "180+1"]
[EndTime "15:54:16 PST"]
[Termination "gxbg2000 won on time"]

1. d4 d5 2. c4 c6 3. Nf3 Nf6 4. e3 e6 5. Nbd2 g6 6. Bd3 Bg7 7. O-O Nbd7 8. b3 O-O 9. Bb2 Re8 10. Qc2 b6 11. e4 dxe4 12. Nxe4 Nxe4 13. Bxe4 Bb7 14.
Ne5 Nf6 15. Bxc6 Bxc6 16. Nxc6 Qc7 17. Ne5 Rad8 18. Rad1 Qb7 19. Qe2 Rd6 20. Qf3 Qxf3 21. Nxf3 Red8 22. Rfe1 h6 23. a4 Ne8 24. Kf1 Nc7 25.
Bc3 Na6 26. a5 bxa5 27. Bxa5 Rb8 28. Re3 Bf6 29. Red3 Rb7 30. Ne5 Nb4 31. R3d2 Nc6 32. Nxc6 Rxc6 33. d5 exd5 34. cxd5 Rd6 35. b4 Bc3 36.
Rd3 Be5 37. Rc1 Kg7 38. Rc6 Rdd7 39. g3 Bd6 40. Rc4 h5 41. f4 Rb5 42. Rcd4 h4 43.
Kg2 hxg3 44. hxg3 Kf6 45. Kf3 g5 46. Rc4 Kf5 47. Rc6 g4+ 48. Kf2 Bxb4 49. Bxb4 Rxb4 50. d6 Rb2+ 51. Ke3 Rb1 52. Rc5+ Kg6 53. Rg5+ Kf6 54. Rxg4 Re1+ 55. Kf2 Ra1 56. Rg5 Ra6 57. Rgd5 Ke6 58. f5+ Kf6 59. g4 Ra2+ 60. Kf3 a5 61. Kf4 a4 62. g5+ Kg7 63. f6+ Kg6 64. Ra5 Rf2+ 65. Ke3 Ra2 66. Rd4 a3 67. Rd3 Rg2 68. Raxa3 Rxg5 69.
Rd4 Kxf6 70. Raa4 Ke6 71. Kf4 Rf5+ 72. Ke4 Re5+ 73. Kf4 Rd5 74. Rxd5 Kxd5 75. Kf5 Kxd6 76. Rd4+ Ke7 77. Rxd7+ Kxd7 78. Kf6 Ke8 79. Kf5 Ke7 80. Ke5 f6+ 81. Kf5 Kf7 82. Kf4 Kg6 83. Kg4 f5+ 84. Kf4 Kf6 85. Kf3 Kg5 0-1

[Event "Late-Titled-Tuesday-Blitz-January-23-2024"]
[Site "Chess.com"]
[Date "2024.01.23"]
[Round "10"]
[White "Walter_White_Poland"]
[Black "Horokoskii"]
[Result "1-0"]
[WhiteElo "2313"]
[BlackElo "2084"]
[TimeControl "180+1"]
[EndTime "15:54:23 PST"]
[Termination "Walter_White_Poland won by checkmate"]

1. e4 d6 2. d4 Nf6 3. Nc3 g6 4. h3 Bg7 5. Nf3 c6 6. a4 b6 7.
Be3 Bb7 8. Bc4 d5 9. exd5 cxd5 10. Bb5+ Bc6 11. Qd2 O-O 12. Bh6 Ne4 13. Nxe4 dxe4 14. Bxg7 Kxg7 15. Ne5 Bxb5 16. axb5 Nd7 17. Nc6 Qc7 18.
O-O e5 19. d5 Nc5 20. d6 Qd7 21. b4 Ne6 22. c4 f6 23. Qd5 Rfc8 24. g3 a6 25. Qxe4 axb5 26. Rxa8 Rxa8 27. Nxe5 Qd8 28.
Nxg6 hxg6 29. Qxe6 bxc4 30. b5 c3 31. Rc1 Rc8 32. d7 Rc7 33. Qe8 Qxd7 34. Qxd7+ Rxd7 35. Rxc3 Rd5 36. Rb3 Rc5 37. Rb4 Kf7 38. Kg2 Ke6 39. h4 f5 40. Kf3 Kf6 41. Kf4 Rd5 42. f3 Rc5 43. g4 fxg4 44. fxg4 Rd5 45. g5+ Kg7 46. Kg4 Rc5 47. Kf4 Rd5 48. Ke4 Rc5 49.
Kd4 Rf5 50. Kc3 Rf3+ 51. Kc4 Rf4+ 52. Kc3 Rf3+ 53. Kd2 Rf2+ 54. Ke3 Rf5 55. Ke4 Rc5 56.
Rd4 Rxb5 57. Rd7+ Kg8 58. Rb7 Rb4+ 59. Ke5 Rxh4 60. Kf6 Rf4+ 61. Kxg6 Kf8 62. Rb8+ Ke7 63. Rxb6 Re4 64. Kg7 Rh4 65. g6 Rg4 66. Rb1 Rh4 67. Re1+ Kd6 68. Kf7 Rf4+ 69. Kg8 Kd7 70. g7 Rg4 71.
Re3 Rg2 72. Re4 Rh2 73. Kf7 Rg2 74. g8=Q Rf2+ 75. Kg7 Rg2+ 76. Kf8 Rf2+ 77. Qf7+ Rxf7+ 78. Kxf7 Kd6 79. Kf6 Kd5 80. Re5+ Kd4 81. Kf5 Kd3 82. Re4 Kc3 83. Kf4 Kd3 84. Kf3 Kc3 85. Ke3 Kc2 86. Rc4+ Kb3 87. Kd3 Ka3 88. Kc3 Ka2 89. Ra4+ Kb1 90. Ra7 Kc1 91. Ra1# 1-0

[Event "Late-Titled-Tuesday-Blitz-January-23-2024"]
[Site "Chess.com"]
[Date "2024.01.23"]
[Round "10"]
[White "Revan_2002"]
[Black "Siemba"]
[Result "0-1"]
[WhiteElo "2469"]
[BlackElo "2579"]
[TimeControl "180+1"]
[EndTime "15:54:26 PST"]
[Termination "Siemba won by checkmate"]

1. d4 Nf6 2. Nf3 g6 3. c4 Bg7 4. g3 O-O 5. Bg2 d6 6. O-O Bf5 7. Nc3 Ne4 8. Qb3 Nxc3 9. bxc3 Be4 10. Bh3 Nc6 11. Nd2 Bf5 12. Bxf5 gxf5 13. Qxb7 Na5 14. Qd5 c5 15. Qxf5 cxd4 16. cxd4 Bxd4 17. Qg4+ Bg7 18. Bb2 e5 19. e4 Qc8 20. Qe2 Rb8 21. Bc3 Nc6 22.
Rab1 Qa6 23. Nf3 Qa3 24. Qd2 Qc5 25. Nh4 Qxc4 26. Nf5 Qe6 27. Rbd1 Rfd8 28. Qg5 Qg6 29. Qe3 Bf8 30. Rd5 Ne7 31. Nxe7+ Bxe7 32. Rfd1 Rdc8 33. Qxa7 Qe6 34. Be1 Ra8 35. Qb7 Rxa2 36. Qb3 Rcc2 37. Qf3 Kg7 38. Kg2 h6 39. h4 Qg6 40. Rb5 Qf6 41.
Rb7 Qxf3+ 42. Kxf3 Kf6 43. Rd3 Ke6 44. Rb1 f5 45.
exf5+ Kxf5 46. Kg2 Ke6 47. Rbd1 e4 48. Rd5 e3 49.
Kf3 exf2 50. Bb4 Rab2 51. Ba3 Rb3+ 52. Kg4 Rxa3 53. R5d4 Rca2 54. Re4+ Kd7 55. Rf4 Ra4 56. Rf1 Rxf4+ 57. Kxf4 Bf6 58. Kf3 Bd4 59. Rd1 Bc5 60.
Kg2 f1=Q+ 61. Kxf1 Rf2+ 62. Ke1 Rg2 63. Rd3 Bf2+ 64.
Kf1 Rxg3 65. Rd5 Bc5 66. Rh5 Rg6 67. Ke2 Re6+ 68. Kd3 Kc6 69. Kc4 Bf2 70. Rf5 Bxh4 71. Rf4 Bg3 72. Rf5 Be5 73. Kd3 Rg6 74. Rh5 Rg3+ 75.
Ke4 Rg4+ 76. Ke3 Kd5 77. Kf3 Ra4 78. Rxh6 Ra3+ 79. Ke2 Ke4 80. Re6 d5 81. Re8 Ra2+ 82. Kd1 d4 83. Re7 d3 84. Re8 Kd4 85. Rd8+ Ke3 86.
Kc1 Ra1# 0-1

[Event "Late-Titled-Tuesday-Blitz-January-23-2024"]
[Site "Chess.com"]
[Date "2024.01.23"]
[Round "10"]
[White "WPWPWP-2015"]
[Black "GoValya"]
[Result "1-0"]
[WhiteElo "2489"]
[BlackElo "2297"]
[TimeControl "180+1"]
[EndTime "15:54:35 PST"]
[Termination "WPWPWP-2015 won by resignation"]

1. e4 e6 2. d4 d5 3. Nc3 Nf6 4.
Bg5 Be7 5. e5 Nfd7 6. h4 a6 7.
Qd2 c5 8. Bxe7 Qxe7 9. f4 cxd4 10. Nce2 Nc6 11. Nf3 Nc5 12. Nfxd4 Ne4 13. Qc1 Nxd4 14. Nxd4 Ng3 15. Rh3 Nxf1 16. Kxf1 Bd7 17. c3 Rc8 18. Kg1 O-O 19. Qd2 h6 20. Re1 f5 21. h5 Kh8 22.
Ree3 b5 23. a3 a5 24. Reg3 b4 25. axb4 axb4 26. Kh2 bxc3 27. Rxc3 Rxc3 28. Qxc3 Rc8 29. Qa3 Qf7 30. Qa7 Rc4 31. b3 Rc1 32. b4 Rc4 33. b5 Rxd4 34. Qxd4 Bxb5 35. Qd1 Qc7 36. Qb3 Bc4 37. Qa3 Qf7 38. Qb2 Kh7 39. Qf2 Kh8 40. Qf3 d4 41. Qa8+ Kh7 42. Qa4 Bd5 43. Qxd4 Qb7 44.
Qf2 Qf7 45. Qe2 Kh8 46. Rc3 Be4 47. Qd1 Kh7 48. Qe2 Qe7 49. Kg1 Qh4 50. Qf2 Qxh5 51. Rg3 Qd1+ 52. Kh2 Qh5+ 53. Rh3 Qg6 54. Qg3 Qf7 55. Qh4 Qg6 56. Rg3 Qf7 57. Kg1 Qd7 58. Kh2 Qf7 59. Ra3 Qd7 60. Qg3 Qf7 61.
Ra2 Qh5+ 62. Qh3 Qg6 63. Ra7 h5 64. Qg3 Qg4 65. Qxg4 hxg4 66. Kg3 Kg6 67. Ra2 Bd5 68. Rb2 Kf7 69. Kh4 Kg6 70. g3 Kh6 71. Rb8 Kg6 72.
Rh8 Kf7 73. Kg5 Be4 74. Rb8 Bd5 75. Rb6 Be4 76. Rb4 Bd5 77. Rb2 Be4 78. Rd2 Bd5 79.
Rd1 Be4 80. Ra1 Bd5 81. Ra3 Be4 82. Ra7+ Ke8 83. Kg6 Kd8 84. Kxg7 Bd5 85. Kf6 Kc8 86. Re7 Kd8 87. Rxe6 Be4 88. Re7 Bd3 89. Rg7 Be4 90. Rg5 Kd7 91. Rxf5 Bd5 92. Kg5 Be6 93. Rf6 Bd5 94.
Rd6+ Ke7 95. Rxd5 1-0